 Dungeon Crawl Stone Soup version 0.17.1-2-g5865329 (webtiles) character file.

890 Miyamura the Digger (level 7, -12/57 HPs)
             Began as a Mottled Draconian Earth Elementalist on Jan 18, 2016.
             Was an Initiate of Nemelex Xobeh.
             Killed from afar by an iguana (30 damage)
             ... with an exploding inner flame
             ... hexed by the player character
             ... on level 5 of the Dungeon.
             The game lasted 00:37:29 (10404 turns).

Miyamura the Digger (DrEE)                         Turns: 10404, Time: 00:37:29

Health: -12/57     AC:  8    Str: 10    XL:     7   Next: 77%
Magic:  2/12       EV: 13    Int: 18    God:    Nemelex Xobeh [......]
Gold:   111        SH:  0    Dex: 11    Spells: 2 memorised, 8 levels left

rFire  . . .     SeeInvis .       - Unarmed
rCold  . . .     Clarity  .     (armour unavailable)
rNeg   . . .     SustAt   .     (no shield)
rPois  .         Gourm    .     (helmet restricted)
rElec  .         Spirit   .     (no cloak)
rCorr  .         Warding  .     (no gloves)
rMut   .         Stasis   .     (no boots)
MR     +....                    (no amulet)
Stlth  ++........               (no ring)
                                i - ring of protection from magic

@: short of breath, stone skin, cleaving, somewhat resistant to hostile
enchantments, unstealthy
A: breathe sticky flame splash, unfitting armour, cold-blooded, AC +6
a: Breathe Sticky Flame, Renounce Religion


You were on level 5 of the Dungeon.
You worshipped Nemelex Xobeh.
Nemelex Xobeh was noncommittal.
You were not hungry.

You visited 2 branches of the dungeon, and saw 6 of its levels.

You collected 156 gold pieces.
You spent 45 gold pieces at shops.

Inventory:

Hand Weapons
 t - a +0 hunting sling
Missiles
 d - 4 javelins (quivered)
 l - 17 poisoned needles
 p - 25 sling bullets
Jewellery
 i - a ring of protection from magic (left hand)
 n - an uncursed ring of fire
Wands
 g - a wand of confusion (0)
 h - a wand of digging (0)
Scrolls
 e - 2 scrolls of amnesia
 u - 2 scrolls of remove curse
 v - a scroll of fear
Potions
 f - 2 potions of haste {unknown}
 k - a potion of lignification
 m - a potion of mutation {unknown}
 o - a potion of invisibility {unknown}
 q - 2 potions of agility
 r - a potion of ambrosia {unknown}
Books
 b - a book of Geomancy

   Spells                             Type                      Level
   a - Sandblast                      Earth                        1
   b - Stoneskin                      Transmutation/Earth          2
   c - Passwall                       Transmutation/Earth          3
   d - Stone Arrow                    Conjuration/Earth            3
   e - Petrify                        Transmutation/Earth          4
   f - Lee's Rapid Deconstruction     Earth                        5
Miscellaneous
 x - a plain deck of war {drawn: 3}
Comestibles
 c - 4 bread rations
 j - a meat ration


   Skills:
 + Level 3.1 Fighting
 + Level 3.5 Dodging
 + Level 3.5 Stealth
 + Level 2.8 Unarmed Combat
 + Level 3.6 Spellcasting
 + Level 3.2 Transmutations
 + Level 4.5 Earth Magic
 + Level 1.1 Evocations


You had 8 spell levels left.
You knew the following spells:

 Your Spells              Type           Power        Failure   Level  Hunger
a - Stone Arrow           Conj/Erth      ##....       21%         3    ###....
s - Stoneskin             Trmt/Erth      ###.....     6%          2    ##.....


Dungeon Overview and Level Annotations

Branches:
Dungeon (5/15)             Temple (1/1) D:5

Altars:
Cheibriados
Dithmenos
Elyvilon
Fedhas
Gozag
Kikubaaqudgha
Makhleb
Nemelex Xobeh
Qazlal
Ru
Sif Muna
Xom
Yredelemnul
Zin
The Shining One

Shops:
D:4 :*(

Annotations:
D:5 Prince Ribbit


Innate Abilities, Weirdness & Mutations

You can spit globs of burning liquid.
You can ignite nearby creatures when you spit burning liquid.
Your weird mottled scales are hard (AC +6).
Your body does not fit into most forms of armour.
You are cold-blooded and may be slowed by cold attacks.


Message History

The centaur hits you. The iguana barely misses you.
Casting: Stone Arrow
Confirm with . or Enter, or press ? or * to list all spells.
Aiming: Stone Arrow
Press: ? - help, Shift-Dir - straight line, f/p - iguana
Aim: an iguana (heavily wounded, inner flame)
The stone arrow hits the iguana.
The iguana is severely wounded.
The centaur hits you. The iguana completely misses you. The centaur hits you!
Casting: Stone Arrow
Confirm with . or Enter, or press ? or * to list all spells.
Aiming: Stone Arrow
Press: ? - help, Shift-Dir - straight line, f/p - iguana
Aim: an iguana (severely wounded, inner flame)
The stone arrow hits the iguana.
The iguana explodes!
The fiery explosion engulfs you!
Ouch! That really hurt!
You die...
Your body disappears without a glow.

####'######.# #...##.?...
#........##.#######..$.....###
#........##.##.......l.....
#(.......##.##.#######.....
####........#.......c...# ....
............#..##.#####.##...c#
.###........#..##ยง# ... .....#
..).........#..##.###.####....#
............#..#@c............##
......#######..###..........#..#
......# #..# #.)..#####.#..#
......# #..# #....# #....##
####### #..# #....# #.....
#..###....# #.>...
#....#....#######.... ##
######## ##.#.####..#.......#.
.# #......# ##.#.# #............


You could see a centaur (inner flame).

Vanquished Creatures
  Sigmund (D:3)
  2 phantoms (D:4)
  3 hounds
  An orc priest (D:4)
  A giant frog zombie (D:5)
  An orc wizard (D:2)
  A giant frog skeleton (D:4)
  A centaur skeleton (D:4)
  An iguana (D:4)
  3 worker ants
  4 adders
  A shadow imp (D:5)
  A river rat (D:4)
  An ooze (D:2)
  3 worms
  7 giant geckos
  17 orcs
  7 bats
  10 hobgoblins
  4 jackals
  5 kobolds
  3 quokkas
  2 ball pythons (D:4)
  9 giant cockroaches
  4 giant newts
  16 goblins
  15 rats
124 creatures vanquished.

Vanquished Creatures (collateral kills)
  A scorpion (D:5)
1 creature vanquished.

Vanquished Creatures (others)
  2 worker ants (D:5)
2 creatures vanquished.

Grand Total: 127 creatures vanquished

Notes
Turn   | Place    | Note
--------------------------------------------------------------
     0 | D:1      | Miyamura the Draconian Earth Elementalist began the quest for the Orb.
     0 | D:1      | Reached XP level 1. HP: 14/14 MP: 3/3
   329 | D:1      | Reached XP level 2. HP: 18/20 MP: 1/5
   375 | D:1      | Learned a level 2 spell: Stoneskin
  1398 | D:1      | Reached XP level 3. HP: 14/26 MP: 4/6
  1567 | D:1      | Learned a level 3 spell: Stone Arrow
  4052 | D:3      | Reached XP level 4. HP: 34/34 MP: 7/7
  4408 | D:3      | Noticed Sigmund
  4469 | D:2      | Reached skill level 1 in Fighting
  4469 | D:2      | Reached skill level 1 in Unarmed Combat
  5119 | D:4      | Found Petees's Weapon Shoppe.
  5134 | D:5      | Entered Level 5 of the Dungeon
  5341 | D:5      | Noticed an ice beast
  5349 | D:5      | Noticed a centaur
  5403 | D:5      | Reached XP level 5. HP: 13/40 MP: 4/9
  5670 | D:5      | Found a staircase to the Ecumenical Temple.
  5670 | D:5      | Noticed an ice beast
  5860 | D:4      | Noticed a phantom
  5934 | D:4      | Found Hipp's General Store.
  6486 | D:3      | Killed Sigmund
  6486 | D:3      | Reached XP level 6. HP: 46/48 MP: 1/10
  7087 | D:4      | Reached skill level 4 in Earth Magic
  7256 | D:4      | Bought a scroll of fear for 45 gold pieces
  7447 | D:4      | Found an opulent altar of Gozag.
  7978 | D:4      | Your scales start taking on a weird mottled colour.
  7978 | D:4      | Reached XP level 7. HP: 56/56 MP: 1/11
  8360 | D:4      | Found Kamma's Book Shop.
  9069 | Temple   | Entered the Ecumenical Temple
  9151 | Temple   | Became a worshipper of Nemelex Xobeh the Trickster
  9165 | D:5      | Received a gift from Nemelex Xobeh
  9225 | D:5      | Noticed Prince Ribbit
  9515 | D:5      | Noticed a phantom
  9860 | D:4      | Killed a phantom
 10167 | D:4      | Killed a phantom
 10167 | D:4      | Reached skill level 1 in Evocations
 10404 | D:5      | Killed from afar by an iguana

Action                   |  1- 3 |  4- 6 |  7- 9 || total
-------------------------+-------+-------+-------++-------
Melee: Unarmed           |   369 |   357 |   273 ||   999
Throw: Stone             |     3 |       |       ||     3
 Cast: Sandblast         |     2 |       |       ||     2
       Stoneskin         |    24 |    33 |    12 ||    69
       Stone Arrow       |       |    14 |    17 ||    31
 Abil: Breathe Sticky Fl |       |       |     8 ||     8
Evoke: Wand              |       |     6 |     1 ||     7
       Deck              |       |       |     3 ||     3
  Use: Scroll            |    11 |     2 |     2 ||    15
       Potion            |     5 |     7 |     1 ||    13
 Stab: Sleeping          |     5 |     5 |     3 ||    13
  Eat: Chunk             |     8 |    16 |     7 ||    31
       Meat ration       |     1 |       |     1 ||     2
       Pizza             |       |       |     1 ||     1
